 Dungeon Crawl Stone Soup version 0.27-a0-1188-g73eefd5def (webtiles) character file.

Game seed: 12389697810907158712

115 Essalna the Magician (level 5, 0/40 HPs)
             Began as a Djinni Fire Elementalist on May 22, 2021.
             Engulfed by a cloud of flame (6 damage)
             ... on level 3 of the Dungeon.
             The game lasted 00:04:34 (3078 turns).

Essalna the Magician (Djinni Fire Elementalist)     Turns: 3078, Time: 00:04:34

Health: 0/40       AC:  2    Str:  5 (7)  XL:     5   Next: 20%
Gold:   95         EV: 12    Int: 15 (18) God:
                   SH:  0    Dex: 12 (13)

rFire    + + .     SeeInvis .   i - +0 spear (drain)
rCold    . . .     Faith    .   (no shield)
rNeg     . . .     Spirit   .   a - +0 robe
rPois    ∞         Reflect  .   (no helmet)
rElec    .         Harm     .   (no cloak)
rCorr    .         Rampage  .   (no gloves)
Will     .....                  (boots unavailable)
Stlth    ++........             (no amulet)
HPRegen  0.13/turn              g - ring of protection from cold
MPRegen  0.00/turn              (no ring)

@: flying, very slightly contaminated
A: sickness immunity, fire resistance 2, cold vulnerability 1, float, innate
caster, hp casting, extra vitality 1
a: no special abilities


You were on level 3 of the Dungeon.
You visited 1 branch of the dungeon, and saw 3 of its levels.

You collected 95 gold pieces.

Inventory:

Hand Weapons
 i - a +0 spear of draining (weapon)
Armour
 a - a +0 robe (worn)
Jewellery
 g - a ring of protection from cold (left hand)
Potions
 d - 2 potions of heal wounds {unknown}
 f - 2 potions of cancellation {unknown}
 h - a potion of haste {unknown}
 j - a potion of lignification {unknown}


   Skills:
 + Level 3.0 Fighting
 - Level 2.1 Dodging
 - Level 1.5 Stealth
 + Level 3.4 Spellcasting


You couldn't memorise any spells.
You knew the following spells:

 Your Spells              Type           Power      Damage    Failure   Level
a - Foxfire               Conj/Fire      48%        2x1d6     4%          1
b - Conjure Flame         Conj/Fire      12%        6-21      14%         3
c - Inner Flame           Hex/Fire       12%        N/A       14%         3
d - Sticky Flame          Conj/Fire      12%        2d4       43%         4
e - Fireball              Conj/Fire      6%         3d5       78%         5
f - Sandblast             Erth           24%        2d8       4%          1
g - Call Imp              Summ           12%        N/A       7%          2
Your spell library was empty.

Dungeon Overview and Level Annotations

Branches:
Dungeon (3/15)

Altars:
Okawaru

Shops:
D:2 *

Annotations:
D:3 Grinder, Robin


Innate Abilities, Weirdness & Mutations

You are immune to sickness and miasma.
You are immune to poison.
Your flesh is very heat resistant. (rF++)
You are vulnerable to cold. (rC-)
You float through the air rather than walking.
You learn spells naturally, not from books.
Your magical power is your life essence.
You have superior vitality. (+4 HP)


Message History

You miscast Inner Flame.
You are very lightly contaminated with residual magic.
Nothing appears to happen.
The goblin barely misses you. The goblin hits you with a +0 dagger.
The goblin closely misses you.
Casting: Inner Flame (dangerous; 12% risk of failure)
Confirm with . or Enter, or press ? or * to list all spells.
Aiming: Inner Flame (dangerous; 12% risk of failure)
Press: ? - help, Shift-Dir - straight line, f/p - goblin
Aim: a goblin, wielding a +0 dagger (strong, chance to affect: 83%)
The goblin is filled with an inner flame.
The goblin barely misses you. The goblin closely misses you.
You miss the goblin. The goblin closely misses you.
The goblin hits you with a +0 dagger. The goblin hits you with a +0 club.
You hit the goblin.
The goblin explodes!
The fiery explosion engulfs the goblin!!
You kill the goblin!
The fiery explosion engulfs the goblin!!
You kill the goblin!
The fiery explosion engulfs the goblin!!
You kill the goblin!
The fiery explosion engulfs you! You resist.
* * * LOW HITPOINT WARNING * * *
You are engulfed in blazing flames.
You resist.
* * * LOW HITPOINT WARNING * * *
You hear a shout!
Robin throws the goblin at you!
The goblin is engulfed in blazing flames.
You kill the goblin!
Your Fighting skill increases to level 3!
You feel better.
You are engulfed in blazing flames.
You resist.
* * * LOW HITPOINT WARNING * * *
The centaur zombie is engulfed in blazing flames.
The centaur zombie barely misses you. The centaur zombie kicks you.
* * * LOW HITPOINT WARNING * * *
It was a potion of degeneration.
There was something very wrong with that liquid.
You feel weakened.
You feel dopey.
You feel clumsy.
You are engulfed in blazing flames.
You resist.
You die...

.# .##..5.# .. .#....##
.# #..##g.####.###
#.####....#...#
##.#.#.#.#.#.#.#.#.#.#
#........gg.).........
##.#.#.#.#§#.#†#.#.#.##
........5§Zg).<......#
#?#.#.#.#@#.#.#.#.#.##
#########...#...#
#########


You could see Grinder, a centaur zombie and 3 goblins.

Vanquished Creatures
  A centaur skeleton (D:2)
  3 adders (D:2)
  An orc (D:3)
  4 ball pythons
  3 bats (D:2)
  4 endoplasms
  5 giant cockroaches
  6 hobgoblins
  5 jackals (D:2)
  4 kobolds
  5 frilled lizards
  10 goblins
  2 rats
53 creatures vanquished.

Vanquished Creatures (others)
  243 foxfires
243 creatures vanquished.

Grand Total: 296 creatures vanquished

Notes
Turn   | Place    | Note
-------+----------+-------------------------------------------
     0 | D:1      | Essalna the Djinni Fire Elementalist began the quest for
                  | the Orb.
     0 | D:1      | Reached XP level 1. HP: 15/15 MP: 0/0
   368 | D:1      | Reached XP level 2. HP: 19/22 MP: 0/0
   369 | D:1      | Reached skill level 1 in Fighting
  1026 | D:1      | Reached XP level 3. HP: 24/27 MP: 0/0
  1026 | D:1      | Learned a level 1 spell: Sandblast
  1651 | D:1      | Found a faded altar of an unknown god.
  1700 | D:2      | Found Qokequtou's General Store.
  1845 | D:2      | Reached XP level 4. HP: 24/33 MP: 0/0
  2381 | D:2      | Found an iron altar of Okawaru.
  2618 | D:2      | Reached XP level 5. HP: 37/40 MP: 0/0
  2618 | D:2      | Learned a level 2 spell: Call Imp
  2861 | D:3      | Noticed Robin
  2863 | D:3      | Noticed Grinder
  3078 | D:3      | Engulfed by a cloud of flame

Illustrated notes

Levels and vault maps discovered:
D:1:      giann_bridges, layout_basic, ebering_ecumenical_altar_box
D:2:      layout_basic, serial_shops, shop, basic_altar, fountainhead
D:3:      layout_rooms, lemuel_doored_altar, minmay_hedge_maze, st_stairs_13,
          uniq_robin, uniq_grinder

Skill      XL: |  1  2  3  4  5 |
---------------+----------------+-----
Fighting       | 1 2 3 |  3.0
Spellcasting   | 3 |  3.4
Dodging        | |  2.1
Stealth        | |  1.5

Action                   |  1- 3 |  4- 6 || total
-------------------------+-------+-------++-------
Melee: Unarmed           |    42 |       ||    42
       Spear             |       |     3 ||     3
 Cast: Foxfire           |    73 |    72 ||   145
       Inner Flame       |       |     2 ||     2
  Use: Scroll            |       |     2 ||     2
       Potion            |       |     2 ||     2
Armor: Robe              |     6 |     5 ||    11
Dodge: Dodged            |    39 |    25 ||    64

Table legend: (Time is in decaauts)
 A = Elapsed time spent in this place.
 B = Non-inter-level travel time spent in this place.
 C = Inter-level travel time spent in this place.
 D = Time resting spent in this place.
 E = Time spent auto-exploring this place.
 F = Levels seen in this place.
 G = Mean time per level.
                   A        B        C        D        E       F      G
               +--------+--------+--------+--------+--------+-----+--------+
         Total |   3077 |   2978 |     99 |      0 |   2679 |   3 | 1025.7 |
       Dungeon |   3077 |   2978 |     99 |      0 |   2679 |   3 | 1025.7 |
               +--------+--------+--------+--------+--------+-----+--------+

Top non-repeatable levels by time:
     D:1: 1699 daAuts
     D:2: 1254 daAuts
     D:3: 123 daAuts
